 Dungeon Crawl Stone Soup version 0.25-a0-366-g516bc45ae0 (webtiles) character file.

Game seed: 6110386063586085097, levelgen mode: deterministic

27 kipponium the Ruffian (level 3, -1/31 HPs)
             Began as a Naga Transmuter on Jan 6, 2020.
             Slain by a kobold
             ... wielding a +0 trident
              (3 damage)
             ... on level 2 of the Dungeon.
             The game lasted 00:02:19 (885 turns).

kipponium the Ruffian (Naga Transmuter)              Turns: 885, Time: 00:02:20

Health: -1/31      AC:  2    Str: 13    XL:     3   Next: 10%
Magic:  6/6        EV: 10    Int: 13    God:
Gold:   92         SH:  0    Dex: 11    Spells: 5/6 levels left

rFire    . . .     SeeInvis +     - Unarmed
rCold    . . .     Gourm    .   (no shield)
rNeg     . . .     Faith    .   b - +0 robe
rPois    +         Spirit   .   (no helmet)
rElec    .         Reflect  .   (no cloak)
rCorr    .         Harm     .   (no gloves)
MR       .....                  (no barding)
Stlth    +.........             (no amulet)
HPRegen  0.10/turn              (no ring)
MPRegen  0.10/turn              (no ring)

@: very slow
A: large, see invisible, deformed body, poison resistance, slowness 2, slow
metabolism 1, spit poison 1, AC +1
a: Spit Poison


You were on level 2 of the Dungeon.
You were not hungry.

You visited 1 branch of the dungeon, and saw 2 of its levels.

You collected 92 gold pieces.

Inventory:

Missiles
 a - 39 arrows
Armour
 b - a +0 robe (worn)
Jewellery
 f - an uncursed amulet of regeneration {unknown}
Scrolls
 c - a scroll of enchant weapon {unknown}
Potions
 e - a potion of brilliance {unknown}
Comestibles
 d - a ration
 g - 2 chunks of flesh


   Skills:
 - Level 1.0 Fighting
 - Level 1.5 Dodging
 + Level 3.9 Unarmed Combat
 - Level 2.0 Spellcasting
 + Level 2.3 Transmutations


You had 5 spell levels left.
You knew the following spells:

 Your Spells              Type           Power        Failure   Level  Hunger
a - Beastly Appendage     Tmut           #.....       10%         1    ##.....

Your spell library contained the following spells:

 Spells                   Type           Power        Failure   Level  Hunger
 Sticks to Snakes         Tmut           #.......     14%         2    ###....
 Spider Form              Tmut/Pois      #.........   43%         3    ####...
 Ice Form                 Ice/Tmut       #.......     83%         4    #####..
 Blade Hands              Tmut           #.........   95%         5    ######.


Dungeon Overview and Level Annotations

Branches:
Dungeon (2/15)

Altars:


Innate Abilities, Weirdness & Mutations

You cannot wear boots.
Your serpentine skin is tough. (AC +1)
You have supernaturally acute eyesight. (SInv)
Armour fits poorly on your strangely shaped body.
Your system is resistant to poisons. (rPois)
You cover ground very slowly.
You have a slow metabolism.
You can spit poison.


Message History

The jackal closely misses you. x2; The jackal barely misses you.
The kobold closely misses you.
You hit the jackal but do no damage.
The jackal is heavily wounded.
The jackal bites you. x2
The jackal bites you but does no damage.
The kobold hits you from afar with a +0 trident.
* * * LOW HITPOINT WARNING * * *
You hit the jackal.
You kill the jackal!
The jackal bites you.
* * * LOW HITPOINT WARNING * * *
The jackal bites you but does no damage.
The kobold hits you from afar with a +0 trident.
* * * LOW HITPOINT WARNING * * *
There is a stone staircase leading up here.
You have got your breath back.
The jackal bites you but does no damage.
The kobold hits you from afar with a +0 trident.
You die...

#.... ....
#.########
#........#
#####...>....#
#####............#
#.........K......#
.......K.##h.#####
........†##@##
.... #........##.#
...# #........##.#
...#..........##.#
...##.######.###.#
....#........# ..#
.....###...####.##
..................
.###.##..###......


You could see a jackal and a kobold.

Vanquished Creatures
  An adder (D:2)
  A ball python (D:1)
  5 bats
  A goblin (D:1)
  3 hobgoblins (D:1)
  3 jackals
  A frilled lizard (D:2)
  A kobold (D:1)
16 creatures vanquished.

Notes
Turn   | Place    | Note
-------+----------+-------------------------------------------
     0 | D:1      | kipponium the Naga Transmuter began the quest for the Orb.
     0 | D:1      | Reached XP level 1. HP: 18/18 MP: 3/3
   294 | D:1      | Reached XP level 2. HP: 25/25 MP: 1/5
   838 | D:2      | Reached XP level 3. HP: 31/31 MP: 6/6
   885 | D:2      | Slain by a kobold

Levels and vault maps discovered:
D:1:      minmay_arrival_three_doors, layout_loops_ring
D:2:      layout_rooms, vehumet_crystals, uniq_robin, uniq_sigmund

Action                   || total
-------------------------++-------
Melee: Unarmed           ||    26
       Punch             ||     1
       Headbutt          ||     2
 Cast: Beastly Appendage ||     5
 Abil: Spit Poison       ||    14
 Stab: Sleeping          ||     1
Armor: Robe              ||    11
Dodge: Dodged            ||    38

Table legend:
 A = Non-vault XP
 B = Vault XP
 C = Vault XP percentage of total XP
 D = Non-vault monster count
 E = Vault monster count
 F = Vault count percentage of total count
                 A         B        C        D         E       F
            +---------+---------+-------+---------+---------+-------
      Total |      39 |       0 |   0.0 |      16 |       0 |   0.0
            +---------+---------+-------+---------+---------+-------
        D:1 |      16 |       0 |   0.0 |       9 |       0 |   0.0
        D:2 |      23 |       0 |   0.0 |       7 |       0 |   0.0
            +---------+---------+-------+---------+---------+-------
